 Dungeon Sprint DCSS version 0.24-a0-809-g71cb82dfb8 (webtiles) character file.

Game seed: 9973198782784717141, levelgen mode: deterministic

61802 MisterOstroum the Slayer (level 14, 0/159 HPs)
             Began as a Minotaur Fighter on Oct 11, 2019.
             Was the Champion of Makhleb.
             Succumbed to a lich's poison arrow
             ... in the Dungeon (Sprint IX: "|||||||||||||||||||||||||||||").
             The game lasted 00:17:42 (4226 turns).

MisterOstroum the Slayer (Minotaur Fighter)         Turns: 4226, Time: 00:17:43

Health: 0/159      AC: 26    Str: 25    XL:     14   Next: 62%
Magic:  2/24       EV: 10    Int:  1    God:    Makhleb [******]
Gold:   702        SH: 19    Dex: 15    Spells: 13/13 levels left

rFire    + + .     SeeInvis .   a - +9 war axe of Qocsej {venom, rC+ Int-4 Dex+4}
rCold    . . .     Gourm    .   D - +0 shield
rNeg     . . .     Faith    .   F - +1 fire dragon scales
rPois    +         Spirit   +   (helmet restricted)
rElec    .         Reflect  .   m - +1 cloak
rCorr    .         Harm     .   E - +1 pair of gloves
MR       +....     NoTele   +   q - +0 pair of boots
Stlth    ..........             v - amulet of guardian spirit
HPRegen  0.00/turn              B - ring of poison resistance
MPRegen  0.19/turn              s - +2 ring of protection

@: lethally poisoned (0 -> -48)
A: retaliatory headbutt, horns 2, large bone plates 1, screaming 1, inhibited
regeneration
a: Minor Destruction, Lesser Servant of Makhleb, Major Destruction, Greater
Servant of Makhleb, Renounce Religion


You were in the Dungeon.
You worshipped Makhleb.
Makhleb was exalted by your worship.
You were very hungry.

You visited 1 branch You collected 1900 gold pieces.
You spent 1198 gold pieces at shops.

Inventory:

Hand Weapons
 a - the +9 war axe of Qocsej (weapon) {venom, rC+ Int-4 Dex+4}
   (You bought it in a shop in the Dungeon)

   It poisons the flesh of those it strikes.
   It affects your intelligence (-4).
   It affects your dexterity (+4).
   It protects you from cold.
 b - a +3 war axe of chopping
 c - the +3 sling "Punk" {acid, rCorr}
   (You found it in the Dungeon)

   It provides partial protection from all sources of acid and corrosion.
Missiles
 y - 4 curare-tipped darts (quivered)
 G - 13 sling bullets
Armour
 m - a +1 cloak (worn)
 q - a +0 pair of boots (worn)
 D - a +0 shield (worn)
 E - a +1 pair of gloves (worn)
 F - +1 fire dragon scales (worn)
Jewellery
 s - a +2 ring of protection (right hand)
 v - an amulet of guardian spirit (around neck)
 w - an uncursed ring of protection from fire
 x - an uncursed ring of ice
 B - a ring of poison resistance (left hand)
 C - an uncursed ring of protection from magic
Wands
 o - a wand of acid (4)
Scrolls
 k - 5 scrolls of blinking {@r4}
 l - a scroll of identify {@r1}
 n - 6 scrolls of remove curse {@r2}
 p - a scroll of magic mapping {@r5 !r}
 t - 2 scrolls of fear {!r}
 u - 5 scrolls of enchant weapon
Potions
 d - 3 potions of might {@q3 !q}
 f - 8 potions of curing {@q1 !q}
 g - 3 potions of heal wounds {@q2 !q}
 h - a potion of haste {@q4 !q}
 i - 4 potions of magic
 j - a potion of berserk rage
 r - a potion of brilliance
 z - a potion of degeneration {unknown}
Comestibles
 e - 11 rations


   Skills:
 * Level 24.1 Fighting
 - Level 16.0 Axes
 - Level 14.0(14.4) Slings
 + Level 5.7(10.3) Throwing
 * Level 21.5 Armour
 - Level 15.5 Shields
 + Level 14.9 Invocations
 - Level 11.5 Evocations


You had 13 spell levels left.
You didn't know any spells.
Your spell library was empty.

Dungeon Overview and Level Annotations

Branches:
Dungeon (1/1)

Altars:
Cheibriados
Dithmenos
Elyvilon
Fedhas
Gozag
Hepliaklqana
Kikubaaqudgha
Makhleb
Nemelex Xobeh
Okawaru
Qazlal
Ru
Sif Muna
Trog
Uskayaw
Vehumet
Wu Jian
Xom
Yredelemnul
Zin
The Shining One
Beogh
Jiyva
Lugonu

Shops:
D (=(%


Innate Abilities, Weirdness & Mutations

You reflexively headbutt those who attack you in melee.
You have a pair of horns on your head.
You are partially covered in large bone plates. (SH +4)
You occasionally shout uncontrollably at your foes.
You do not regenerate when monsters are visible.


Message History

The bolt of fire hits you! You resist.
The deep elf high priest prays.
The deep elf high priest prays to its god.
The deep elf high priest begins emitting a brilliant aura!
The fire giant is empowered by the deep elf high priest's aura!
The ironbrand convoker is empowered by the deep elf high priest's aura!
The lich is empowered by the deep elf high priest's aura!
You barely miss the fire giant.
The fire giant is moderately wounded.
The fire giant gestures at you while chanting.
The bolt of fire hits you! You resist.
Press: ? - help, Shift-Dir - straight line, f/p - deep elf high priest
Aim: a deep elf high priest, wielding a +0 short sword and wearing a +0 scale mail (aura of brilliance)
The fireball explodes!
The fireball engulfs the fire giant.
The fire giant resists.
The fire giant is moderately wounded.
The fireball engulfs the lich!
The lich is moderately damaged.
The fireball engulfs you. You resist. The fire giant casts a spell at you.
The fireball explodes!
The fireball engulfs you! You resist.
The fireball engulfs the fire giant!
The fire giant resists.
Press: ? - help, Shift-Dir - straight line, f/p - deep elf high priest
Aim: a deep elf high priest, wielding a +0 short sword and wearing a +0 scale mail (aura of brilliance)
The fireball explodes!
The fireball engulfs the fire giant.
The fire giant resists.
The fire giant is heavily wounded.
The fireball engulfs the lich!
The lich is heavily damaged.
The fireball engulfs you but does no damage.
You block the fire giant's attack.
Unknown command.
Unknown command.
You hit the fire giant but do no damage.
The fire giant looks as sick as possible!
The fire giant is heavily wounded.
Really quaff
g - 6 potions of heal wounds {@q2 !q}?
You feel much better.
The fire giant hits you with a +2 great sword of flaming!!
* * * LOW HITPOINT WARNING * * *
The fire giant burns you.
* * * LOW HITPOINT WARNING * * *
You slash the fire giant!
The fire giant looks as sick as possible!
The fire giant is heavily wounded.
The deep elf high priest calls down the wrath of its god upon you.
Something smites you!
* * * LOW HITPOINT WARNING * * *
You block the fire giant's attack.
Unknown command.
Unknown command.
Really quaff
g - 5 potions of heal wounds {@q2 !q}?
You feel much better.
The deep elf high priest starts to sing a prayer.
You hit the fire giant.
The fire giant looks as sick as possible!
You headbutt the fire giant!
The fire giant is almost dead.
The fire giant barely misses you.
You slash the fire giant!
You kill the fire giant!
Makhleb accepts your kill.
You feel better.
The lich points at you and mumbles some strange words.
The lich points at you and mumbles some strange words.
The poison arrow hits you!!
You are poisoned.
You partially resist.
* * * LOW HITPOINT WARNING * * *
Items here: ( ))))) [[ †† You slash the lich!
Your headbutt misses the lich.
The lich is heavily damaged.
You feel sick. You block the lich's attack.
You slash the lich!
The lich is heavily damaged.
You feel sick. You block the lich's attack.
You slash the lich!
The lich is severely damaged.
You feel sick.
The lich points at you and mumbles some strange words.
The poison arrow hits you!
You are more poisoned.
You partially resist.
* * * LOW HITPOINT WARNING * * *
Unknown command.
Unknown command.
Really quaff
g - 4 potions of heal wounds {@q2 !q}?
You feel much better.
You feel sick.
The lich points at you and mumbles some strange words.
The poison arrow hits you!!
You are lethally poisoned!
You partially resist.
* * * LOW HITPOINT WARNING * * *
The lich points at you and mumbles some strange words.
The deep elf high priest invokes the aid of its god against you.
Something smites you!
* * * LOW HITPOINT WARNING * * *
You hit the lich.
The lich is severely damaged.
You die...

......'.........([(.))'.........[
▓▓▓▓▓▓▓▓▓▓▓▓▓▓▓▓▓▓▓▓▓▓▓▓▓▓▓▓▓▓▓▓▓
..........(.......)..............
▓▓▓▓▓▓▓▓▓▓▓▓▓▓▓▓▓▓▓▓▓▓▓▓▓▓▓▓▓▓♣♣♣
.........'.........÷†).....))'...
▓▓▓▓▓▓▓▓▓▓▓▓▓▓▓▓▓▓▓▓▓▓▓▓▓▓▓▓▓▓♣♣♣
.................................
▓▓▓▓▓▓▓▓▓▓▓▓▓▓▓▓▓▓▓▓▓▓▓▓▓▓▓▓▓▓▓▓▓
..eDDpL@.(((()(())((....
▓▓▓▓▓▓▓▓▓▓▓▓▓▓▓▓▓▓▓▓▓▓▓▓


You could see a fire dragon, an ice dragon, a lich, a deep elf high priest and
an ironbrand convoker.

Vanquished Creatures
  Rupert (D)
  2 fire giants (D)
  A vault warden (D)
  3 stone giants (D)
  An entropy weaver (D)
  A vampire knight (D)
  Nessos (D)
  A dire elephant (D)
  Snorg (D)
  An ettin (D)
  A merfolk impaler (D)
  3 fire dragons (D)
  2 yaktaur captains (D)
  3 great orbs of eyes (D)
  3 centaur warriors (D)
  A ghost crab (D)
  A hydra (D)
  2 alligator snapping turtles (D)
  An anaconda (D)
  7 two-headed ogres (D)
  5 ogre magi (D)
  An orc high priest (D)
  Urug (D)
  A vampire mage (D)
  A shock serpent (D)
  A deep elf knight (D)
  Sonja (D)
  An unseen horror (D)
  A sea snake (D)
  A swamp dragon (D)
  A glowing orange brain (D)
  An orb spider (D)
  4 orc knights (D)
  2 ugly things (D)
  2 moths of wrath (D)
  A wolf spider (D)
  2 manticores (D)
  3 cyclopes (D)
  4 black mambas (D)
  Joseph (D)
  A torpor snail (D)
  7 elephants (D)
  A guardian serpent (D)
  A naga mage (D)
  2 spiny frogs (D)
  A rime drake (D)
  A demonic crawler (D)
  3 komodo dragons (D)
  A jumping spider (D)
  A troll (D)
  2 merfolk (D)
  3 blink frogs (D)
  2 bog bodies (D)
  2 hippogriffs (D)
  A snapping turtle (D)
  A wyvern (D)
  2 shadows (D)
  2 tarantellas (D)
  A yak (D)
  Eustachio (D)
  An acid dragon (shapeshifter) (D)
  A floating eye (shapeshifter) (D)
  2 porcupines (D)
  A sky beast (D)
  10 orc warriors (D)
  A boggart (D)
  A wolf (D)
  4 ogres (D)
  2 crocodiles (D)
  A big kobold (D)
  2 bullfrogs (D)
  A killer bee (D)
  A quasit (D)
  2 orc priests (D)
  3 hounds (D)
  4 orc wizards (D)
  A worker ant (D)
  A worker ant (shapeshifter) (D)
  3 adders (D)
  4 shadow imps (D)
  An adder zombie (D)
  7 orcs (D)
  2 hobgoblins (D)
  A bat (D)
  A kobold (D)
  A leopard gecko skeleton (D)
  A rat (D)
168 creatures vanquished.

Vanquished Creatures (collateral kills)
  A shadow dragon (D)
  A very ugly thing (D)
  A rakshasa (D)
  An anaconda (D)
  A vampire mage (D)
  An ogre mage (D)
  Nergalle (D)
  2 ugly things (D)
  A slime creature (D)
10 creatures vanquished.

Vanquished Creatures (others)
  A hydra (D)
  A spiny frog (D)
  A slime creature (D)
3 creatures vanquished.

Grand Total: 181 creatures vanquished

Notes
Turn   | Place    | Note
-------+----------+-------------------------------------------
     0 | D        | MisterOstroum the Minotaur Fighter began the quest for the
                  | Orb.
     0 | D        | Reached XP level 1. HP: 19/19 MP: 0/0
    13 | D        | Reached skill level 4 in Fighting
    23 | D        | Noticed a hound
    25 | D        | Reached XP level 2. HP: 26/28 MP: 1/1
    29 | D        | Reached skill level 5 in Axes
    29 | D        | Reached XP level 3. HP: 33/35 MP: 2/2
    33 | D        | Reached skill level 5 in Fighting
    33 | D        | Reached skill level 5 in Armour
    33 | D        | Reached skill level 5 in Shields
    91 | D        | Found a roughly hewn altar of Beogh.
    91 | D        | Found a snail-covered altar of Cheibriados.
    91 | D        | Found a shadowy altar of Dithmenos.
    91 | D        | Found a white marble altar of Elyvilon.
    91 | D        | Found a blossoming altar of Fedhas.
    91 | D        | Found an opulent altar of Gozag.
    92 | D        | Found a hazy altar of Hepliaklqana.
    93 | D        | Found a viscous altar of Jiyva.
    94 | D        | Found an ancient bone altar of Kikubaaqudgha.
    95 | D        | Found a corrupted altar of Lugonu.
    96 | D        | Found a burning altar of Makhleb.
    97 | D        | Found a sparkling altar of Nemelex Xobeh.
    98 | D        | Found an iron altar of Okawaru.
    99 | D        | Found a stormy altar of Qazlal.
   100 | D        | Found a sacrificial altar of Ru.
   101 | D        | Found a shimmering blue altar of Sif Muna.
   102 | D        | Found a bloodstained altar of Trog.
   103 | D        | Found a hide-covered altar of Uskayaw.
   104 | D        | Became a worshipper of Makhleb the Destroyer
   105 | D        | Found a radiant altar of Vehumet.
   106 | D        | Found an ornate altar of the Wu Jian Council.
   107 | D        | Found a shimmering altar of Xom.
   108 | D        | Found a basalt altar of Yredelemnul.
   109 | D        | Found a glowing silver altar of Zin.
   110 | D        | Found a glowing golden altar of the Shining One.
   175 | D        | Noticed a sky beast
   175 | D        | Noticed a killer bee
   179 | D        | Reached skill level 6 in Fighting
   179 | D        | Reached XP level 4. HP: 45/45 MP: 3/3
   188 | D        | Reached skill level 7 in Fighting
   188 | D        | Reached XP level 5. HP: 43/52 MP: 4/4
   193 | D        | Reached * piety under Makhleb
   333 | D        | Killed a sky beast
   333 | D        | Reached skill level 8 in Fighting
   338 | D        | Reached ** piety under Makhleb
   496 | D        | Noticed a hippogriff
   496 | D        | Noticed a yak
   500 | D        | Killed a yak
   500 | D        | Reached skill level 9 in Fighting
   500 | D        | Reached skill level 10 in Axes
   500 | D        | Reached XP level 6. HP: 53/66 MP: 4/8
   503 | D        | Killed a hippogriff
   503 | D        | Reached skill level 10 in Fighting
   503 | D        | Reached skill level 5 in Evocations
   503 | D        | Reached XP level 7. HP: 54/73 MP: 4/10
   507 | D        | Reached *** piety under Makhleb
   512 | D        | Reached skill level 11 in Fighting
   660 | D        | Gained mutation: You do not regenerate when monsters are
                  | visible. [potion of mutation]
   660 | D        | Gained mutation: You occasionally shout uncontrollably at
                  | your foes. [potion of mutation]
   660 | D        | Gained mutation: You are partially covered in large bone
                  | plates. (SH +4) [potion of mutation]
   661 | D        | Noticed a blink frog
   661 | D        | Noticed a spiny frog
   661 | D        | Noticed a wyvern
   663 | D        | Killed a spiny frog
   663 | D        | Reached skill level 12 in Fighting
   663 | D        | Reached XP level 8. HP: 83/83 MP: 11/11
   663 | D        | Reached **** piety under Makhleb
   665 | D        | Noticed a komodo dragon
   665 | D        | Noticed a komodo dragon
   666 | D        | Reached skill level 13 in Fighting
   674 | D        | Killed a komodo dragon
   677 | D        | Killed a komodo dragon
   677 | D        | Reached ***** piety under Makhleb
   677 | D        | Reached skill level 14 in Fighting
   678 | D        | Killed a blink frog
   678 | D        | Reached XP level 9. HP: 66/96 MP: 12/12
   681 | D        | Reached skill level 15 in Axes
   783 | D        | Noticed a komodo dragon
   783 | D        | Noticed a rime drake
   788 | D        | Reached skill level 15 in Fighting
   788 | D        | Reached skill level 1 in Invocations
   797 | D        | Killed a rime drake
   799 | D        | Noticed a four-headed hydra
   807 | D        | Killed a komodo dragon
   810 | D        | Killed a five-headed hydra
   810 | D        | Reached ****** piety under Makhleb
   810 | D        | Reached XP level 10. HP: 106/107 MP: 13/13
   814 | D        | Reached skill level 5 in Invocations
   832 | D        | Noticed an elephant
   832 | D        | Noticed an elephant
   832 | D        | Noticed an elephant
   832 | D        | Noticed an elephant
   832 | D        | Noticed a dire elephant
   832 | D        | Noticed an elephant
   846 | D        | Noticed an elephant
   853 | D        | Killed a dire elephant
   853 | D        | Reached skill level 16 in Fighting
   853 | D        | Reached skill level 10 in Armour
   853 | D        | Reached skill level 10 in Shields
   861 | D        | Killed an elephant
   877 | D        | Killed an elephant
   883 | D        | Noticed an elephant
   885 | D        | Killed an elephant
   897 | D        | Killed an elephant
   901 | D        | Killed an elephant
   906 | D        | Killed an elephant
   915 | D        | Killed an elephant
  1052 | D        | Noticed an orc high priest
  1057 | D        | Noticed an orange demon
  1059 | D        | Reached XP level 11. HP: 94/116 MP: 16/16
  1067 | D        | Killed an orc high priest
  1067 | D        | Reached skill level 17 in Fighting
  1163 | D        | Noticed an orc knight
  1175 | D        | Killed an orc knight
  1197 | D        | Noticed an orc knight
  1216 | D        | Killed an orc knight
  1324 | D        | Found Vesiq's Food Boutique.
  1324 | D        | Noticed an ogre mage
  1324 | D        | Noticed a two-headed ogre
  1324 | D        | Noticed a two-headed ogre
  1324 | D        | Noticed a two-headed ogre
  1324 | D        | Noticed a two-headed ogre
  1330 | D        | Killed a two-headed ogre
  1330 | D        | Noticed an ogre mage
  1336 | D        | Killed a two-headed ogre
  1339 | D        | Killed a two-headed ogre
  1343 | D        | Killed a two-headed ogre
  1351 | D        | Killed an ogre mage
  1351 | D        | Reached skill level 18 in Fighting
  1354 | D        | Found Kaorchid's Antique Weapon Shop.
  1358 | D        | Found Xeshre's Jewellery Boutique.
  1366 | D        | Killed an ogre mage
  1366 | D        | Reached skill level 10 in Invocations
  1366 | D        | Reached skill level 10 in Evocations
  1389 | D        | Found Ulitak's Antique Weapon Shop.
  1389 | D        | Noticed a two-headed ogre
  1449 | D        | Killed a two-headed ogre
  1456 | D        | Noticed an ogre mage
  1458 | D        | Noticed a two-headed ogre
  1463 | D        | Killed an ogre mage
  1467 | D        | Killed a two-headed ogre
  1467 | D        | Reached XP level 12. HP: 68/128 MP: 18/18
  1619 | D        | Bought an uncursed amulet of guardian spirit for 360 gold
                  | pieces
  1619 | D        | Bought an uncursed ring of protection from fire for 300
                  | gold pieces
  1619 | D        | Bought an uncursed ring of ice for 300 gold pieces
  1736 | D        | Bought a crystal war axe for 238 gold pieces
  1736 | D        | Identified the +9 war axe of Qocsej {venom, rC+ Int-4
                  | Dex+4} (You bought it in a shop in the Dungeon)
  1784 | D        | Noticed Sonja
  1796 | D        | Killed Sonja
  1860 | D        | Noticed Eustachio
  1866 | D        | Killed Eustachio
  1876 | D        | Noticed Joseph
  1887 | D        | Killed Joseph
  1887 | D        | Reached skill level 1 in Throwing
  1926 | D        | Found the +3 sling "Punk" {acid, rCorr}
  2130 | D        | Noticed a two-headed ogre
  2130 | D        | Noticed an ogre mage
  2137 | D        | Killed an ogre mage
  2137 | D        | Reached skill level 1 in Slings
  2139 | D        | Noticed a centaur warrior
  2143 | D        | Killed a two-headed ogre
  2143 | D        | Reached skill level 19 in Fighting
  2154 | D        | Noticed a fire dragon
  2157 | D        | Killed a centaur warrior
  2157 | D        | Reached skill level 15 in Armour
  2158 | D        | Noticed a great orb of eyes
  2165 | D        | Reached skill level 15 in Shields
  2165 | D        | Noticed a vampire mage
  2170 | D        | Noticed a stone giant
  2171 | D        | Killed a fire dragon
  2174 | D        | Paralysed by a great orb of eyes for 5 turns
  2178 | D        | Killed a great orb of eyes
  2189 | D        | Killed a vampire mage
  2197 | D        | Killed a stone giant
  2197 | D        | Reached skill level 5 in Slings
  2311 | D        | Noticed Urug
  2330 | D        | Killed Urug
  2347 | D        | Noticed Nessos
  2356 | D        | Killed Nessos
  2465 | D        | Noticed Rupert
  2476 | D        | Killed Rupert
  2476 | D        | Reached skill level 20 in Fighting
  2570 | D        | Noticed Snorg
  2578 | D        | Killed Snorg
  2578 | D        | Reached XP level 13. HP: 139/139 MP: 20/20
  2612 | D        | Noticed an entropy weaver
  2624 | D        | Killed an entropy weaver
  2763 | D        | Reached skill level 10 in Slings
  3028 | D        | Noticed a merfolk impaler
  3045 | D        | Killed a merfolk impaler
  3045 | D        | Reached skill level 21 in Fighting
  3472 | D        | Noticed Nergalle
  3483 | D        | Killed Nergalle
  3568 | D        | Noticed a shadow dragon
  3568 | D        | Noticed a purple very ugly thing
  3576 | D        | Killed a cyan very ugly thing
  3607 | D        | Killed a shadow dragon
  3607 | D        | Reached skill level 22 in Fighting
  3611 | D        | Noticed a stone giant
  3626 | D        | Killed a stone giant
  3634 | D        | Noticed a fire dragon
  3643 | D        | Killed a fire dragon
  3643 | D        | Reached XP level 14. HP: 114/154 MP: 16/23
  3740 | D        | Noticed a vampire knight
  3744 | D        | Killed a vampire knight
  3764 | D        | Noticed a stone giant
  3790 | D        | Killed a stone giant
  3797 | D        | Paralysed by a great orb of eyes for 4 turns
  4124 | D        | Reached skill level 23 in Fighting
  4184 | D        | Noticed a fire giant
  4186 | D        | Noticed a vault warden
  4187 | D        | Noticed a fire giant
  4198 | D        | Killed a fire giant
  4198 | D        | Reached skill level 5 in Throwing
  4204 | D        | Noticed a lich
  4208 | D        | Killed a vault warden
  4208 | D        | Reached skill level 24 in Fighting
  4220 | D        | Killed a fire giant
  4225 | D        | HP: 3/159 [deep elf high priest/divine providence (10)]
  4226 | D        | Succumbed to a lich's poison arrow

Levels and vault maps discovered:
D:        linesprint [early_d, line_temple, items_1, d_10, items_2, lair_1,
          lair_end, items_3, orc_1, orc_end, items_4, d_15, swamp_1, shoals_1,
          snake_1, spider_1, d_20, vaults_1, items_5, swamp_end, shoals_end,
          snake_end, spider_end, vaults_end, d_27, items_6, zot_1, zot_end,
          crypt_end, forest_end, elf_end, slime_end, tomb_end, abyss_end,
          pan_hell_end]

Skill      XL: |  1  2  3  4  5  6  7  8  9 10 11 12 13 14 |
---------------+-------------------------------------------+-----
Axes           | 4 5 6 7 10 12 14 15 16 | 16.0
Fighting       | 4 6 7 9 10 12 14 15 16 18 20 22 24 | 24.1
Armour         | 4 5 6 7 9 11 14 16 19 21 | 21.5
Shields        | 4 5 6 7 9 11 14 15 | 15.5
Evocations     | 4 5 8 10 11 | 11.5
Invocations    | 4 7 10 11 13 14 | 14.9
Throwing       | 1 5 |  5.7
Slings         | 7 13 14 | 14.0

Action                   |  1- 3 |  4- 6 |  7- 9 | 10-12 | 13-15 || total
-------------------------+-------+-------+-------+-------+-------++-------
Melee: War axe           |    28 |    37 |    45 |   289 |   202 ||   601
       Headbutt          |     4 |     8 |     9 |    95 |    62 ||   178
 Fire: Fustibalus        |       |       |       |    11 |    46 ||    57
Throw: Dart              |       |       |       |     6 |     4 ||    10
       Javelin           |       |       |       |       |     7 ||     7
Invok: Major Destruction |       |       |       |       |    27 ||    27
       Greater Servant o |       |       |       |       |     3 ||     3
Evoke: Wand              |       |       |     4 |     1 |     1 ||     6
  Use: Potion            |       |       |     1 |     2 |     4 ||     7
       Scroll            |       |       |       |     1 |       ||     1
 Stab: Invisible         |       |       |       |     7 |       ||     7
  Eat: Chunk             |       |       |       |     6 |     4 ||    10
Armor: Scale mail        |    10 |       |       |       |       ||    10
       Chain mail        |     9 |    24 |    19 |    34 |       ||    86
       Fire dragon scale |       |       |       |    15 |    66 ||    81
Dodge: Dodged            |    12 |     6 |     7 |    38 |    46 ||   109
Block: Shield            |    15 |    14 |    31 |   123 |   172 ||   355

Table legend:
 A = Non-vault XP
 B = Vault XP
 C = Vault XP percentage of total XP
 D = Non-vault monster count
 E = Vault monster count
 F = Vault count percentage of total count
                 A         B        C        D         E       F
            +---------+---------+-------+---------+---------+-------
      Total |       0 |   88289 | 100.0 |       0 |     181 | 100.0
            +---------+---------+-------+---------+---------+-------
          D |       0 |   88289 | 100.0 |       0 |     181 | 100.0
            +---------+---------+-------+---------+---------+-------
